Map: Pillars of Gold LE

Players

Zaechus - Winner!

  • Race: Protoss Protoss
  • League: Diamond
  • Spawn Location: 7:00

Warion

  • Race: Zerg Zerg
  • League: Diamond
  • Spawn Location: 1:00

VOD

Have the link to the VOD?

Description

Time

  • Played on: July 30, 2020, 12:38 p.m.
  • Length: 5:04
Show
View Real Time Build Order
Export as new Build Order

Zaechus Protoss - Winner!

Build Orders:  

Get SALT Encoding   

  12  0:00  Probe  
  13  0:12  Probe  
  14  0:20  Pylon  
  14  0:24  Probe  
  15  0:39  Gateway  
  15  0:40  Probe (Chrono Boost)  
  16  0:46  Assimilator  
  17  0:50  Probe (Chrono Boost)  
  17  0:55  Probe (Chrono Boost)  
  18  1:07  Probe  
  19  1:19  Probe  
  20  1:27  Gateway  
  20  1:32  Cybernetics Core  
  20  1:35  Pylon  
  20  1:36  Zealot (Chrono Boost)  
  22  2:02  Nexus  
  22  2:07  Probe  
  23  2:10  Adept  
  23  2:14  Warp Gate  
  25  2:23  Probe, Assimilator  
  26  2:35  Probe  
  27  2:46  Twilight Council  
  27  2:47  Probe  
  28  2:54  Adept  
  30  2:59  Probe  
  30  3:05  Pylon  
  31  3:14  Probe (Chrono Boost)  
  31  3:19  Resonating Glaives (Chrono Boost), Probe (Chrono Boost)  
  33  3:24  Probe (Chrono Boost)  
  33  3:26  Gateway  
  35  3:27  Probe (Chrono Boost)  
  35  3:29  Probe (Chrono Boost)  
  36  3:38  Probe  
  36  3:41  Probe  
  38  3:44  Pylon  
  38  3:45  Pylon  
  38  3:50  Probe  
  38  3:53  Probe  
  40  4:02  Probe  
  41  4:05  Adept x2  
  41  4:06  Probe  
  46  4:22  Nexus, Probe x2  
  48  4:33  Stargate  
  48  4:35  Probe  
  48  4:37  Stargate, Probe  
  50  4:48  Probe  
  50  4:49  Probe  
  52  4:56  Adept  
  52  4:58  Sentry  
  52  4:59  Zealot  
Show
View Real Time Build Order
Export as new Build Order

Warion Zerg 

Build Orders: Pool First 

Get SALT Encoding   

  12  0:00  Drone  
  13  0:08  Drone  
  14  0:17  Overlord  
  14  0:34  Spawning Pool  
  13  0:37  Drone  
  13  0:41  Extractor  
  13  0:44  Drone  
  13  0:47  Drone  
  15  0:55  Drone  
  17  1:04  Drone  
  17  1:22  Hatchery  
  16  1:28  Drone  
  16  1:30  Drone  
  18  1:41  Queen  
  20  1:49  Metabolic Boost  
  20  1:56  Overlord  
  20  2:00  Zergling x2  
  21  2:08  Zergling x2  
  22  2:20  Zergling x4  
  24  2:31  Zergling x2  
  25  2:44  Queen  
  25  2:49  Drone  
  28  2:51  Hatchery  
  28  2:55  Drone  
  28  2:56  Drone  
  29  3:03  Baneling Nest  
  28  3:08  Drone  
  28  3:11  Drone  
  30  3:18  Drone x2  
  32  3:23  Zergling x2  
  32  3:25  Drone  
  32  3:26  Drone  
  34  3:39  Drone  
  34  3:40  Overlord  
  35  3:46  Overlord  
  35  3:51  Drone x2, Extractor x2  
  35  3:55  Lair  
  35  4:04  Queen  
  35  4:07  Drone  
  35  4:08  Drone  
  39  4:16  Roach Warren  
  38  4:18  Drone  
  38  4:20  Drone  
  40  4:24  Baneling x3  
  40  4:26  Baneling  
  40  4:28  Drone  
  41  4:38  Drone  
  42  4:39  Overlord  
  42  4:40  Drone  
  42  4:46  Zergling x8  
Tags
 
Add a new tag
Caveats
  • Supply blocks, unpowered buildings, or Contaminate may cause inaccurate times.
  • Supply counts are checked every 10 seconds.